 Dungeon Crawl Stone Soup version 0.31.0-12-g77e489cdc1 (webtiles) character file.

Game seed: 17031569240135655806

95 Doomgape the Shooter (level 4, -6/28 HPs)
             Began as a Kobold Hunter on Feb 11, 2024.
             Was an Initiate of Dithmenos.
             Mangled by a gnoll
             ... wielding a +0 halberd
              (11 damage)
             ... on level 3 of the Dungeon.
             The game lasted 00:02:11 (1730 turns).

Doomgape the Shooter (Kobold Hunter)                Turns: 1730, Time: 00:02:11

Health: -6/28      AC:  3    Str:  8    XL:     4   Next: 95%
Magic:  4/4        EV: 14    Int: 10    God:    Dithmenos [......]
Gold:   136        SH:  0    Dex: 20    Spells: 3/3 levels left

rFire   . . .        a - +0 shortbow
rCold   . . .        (shield currently unavailable)
rNeg    . . .        c - +0 leather armour
rPois   .            (no helmet)
rElec   .            (no cloak)
rCorr   .            (no gloves)
SInv    .            (no boots)
Will    .....        (no amulet)
Stlth   ++++         (no ring)
HPRegen 0.24/turn    (no ring)
MPRegen 0.09/turn

%: no passive effects
@: no status effects
A: small, no large weapons, nightstalker 3
a: Renounce Religion


You were on level 3 of the Dungeon.
You worshipped Dithmenos.
Dithmenos was noncommittal.
You visited 1 branch of the dungeon, and saw 3 of its levels.

You collected 136 gold pieces.

Inventory:

Hand Weapons
 a - a +0 shortbow (weapon)
 f - a +1 dagger of venom
Armour
 c - a +0 leather armour (worn)
Jewellery
 d - an amulet of reflection
Scrolls
 b - a scroll of butterflies
 e - a scroll of silence {unknown}
 g - a scroll of enchant armour {unknown}
 h - a scroll of noise {unknown}
 i - 3 scrolls of identify {unknown}
 j - a scroll of teleportation {unknown}
 k - a scroll of fog {unknown}
Potions
 l - a potion of haste {unknown}
 m - a potion of mutation {unknown}


   Skills:
 + Level 3.4 Fighting
 + Level 6.2 Ranged Weapons
 - Level 2.4 Dodging
 + Level 3.7 Stealth


You had 3 spell levels left.
You didn't know any spells.
Your spell library contained the following spells:

 Spells                   Type           Power      Damage    Failure   Level
 Apportation              Tloc           0%         N/A       50%         1
 Jinxbite                 Hex            0%         N/A       63%         2
 Alistair's Intoxication  Alch           0%         N/A       100%        5


Dungeon Overview and Level Annotations

Branches:
Dungeon (3/15)

Altars:
Dithmenos


Innate Abilities, Weirdness & Mutations

You are small and have problems with some larger weapons.
You are completely attuned to the shadows.


Message History

You shoot an arrow. The arrow hits the gnoll!
The gnoll is almost dead.
You shoot an arrow. The arrow hits the gnoll.
You kill the gnoll!
Dithmenos accepts your kill.
You shoot an arrow. The arrow hits the gnoll.
The gnoll is lightly wounded.
You hear the slow rusting of a very distant drain.
The gnoll hits you from afar with a +0 halberd.
You shoot an arrow. The arrow hits the gnoll.
The gnoll is heavily wounded.
The gnoll closely misses you.
You shoot an arrow.
The arrow hits the gnoll but does no damage.
The gnoll is heavily wounded.
The gnoll barely misses you.
You shoot an arrow. The arrow barely misses the gnoll.
The gnoll closely misses you.
You shoot an arrow.
The arrow hits the gnoll but does no damage.
The gnoll is heavily wounded.
The gnoll hits you from afar with a +0 halberd!
You shoot an arrow. The arrow closely misses the gnoll.
The gnoll closely misses you. The gnoll barely misses you.
You shoot an arrow.
The arrow hits the gnoll but does no damage.
The gnoll is heavily wounded.
The gnoll hits you from afar with a +0 halberd!
* * * LOW HITPOINT WARNING * * *
You are too injured to fight recklessly!
You are too injured to fight recklessly!
You are too injured to fight recklessly!
You see here a +0 club.
The gnoll attacks as it pursues you!
The gnoll hits you from afar with a +0 halberd.
* * * LOW HITPOINT WARNING * * *
The gnoll attacks as it pursues you! The gnoll barely misses you.
The gnoll attacks as it pursues you!
The gnoll hits you from afar with a +0 halberd!
You die...

.♣ ##.##.#####
..............#
#.............#
#.....@.......#### ..
#........#......##(.
#...g...###..........
#...##..###..##......
#####...###..#..###.......
.....)...##.....##........
#####.....................
....).##.........##......
####.####..._...####.....


You could see a gnoll.

Vanquished Creatures
  2 gnolls (D:3)
  2 adders (D:2)
  4 dart slugs
  4 endoplasms
  2 giant cockroaches
  2 hobgoblins
  4 jackals (D:2)
  A quokka (D:1)
  4 ball pythons
  7 bats
  4 frilled lizards
  8 goblins
  5 rats
49 creatures vanquished.

Notes
Turn   | Place    | Note
-------+----------+-------------------------------------------
     0 | D:1      | Doomgape the Kobold Hunter began the quest for the Orb.
     0 | D:1      | Reached XP level 1. HP: 12/12 MP: 1/1
   101 | D:1      | Reached XP level 2. HP: 18/18 MP: 2/2
   364 | D:1      | Found a faded altar of an unknown god.
   379 | D:1      | Reached XP level 3. HP: 22/22 MP: 3/3
  1012 | D:2      | Reached XP level 4. HP: 28/28 MP: 4/4
  1083 | D:2      | Reached skill level 6 in Ranged Weapons
  1634 | D:3      | Found a shadowy altar of Dithmenos.
  1662 | D:3      | Became a worshipper of Dithmenos the Shadowed
  1730 | D:3      | Mangled by a gnoll

Illustrated notes

Levels and vault maps discovered:
D:1:      evilmike_arrival_hilbert_curve, layout_basic,
          dreamdust_ecumenical_altar_angels_and_demons, grunt_decor_mini_mirrors
D:2:      layout_loops_ring, nicolae_concentric_dashed_squares_mild
D:3:      layout_basic, mainiacjoe_overflow_alcove_1,
          nicolae_dithmenos_shadow_blocks, lemuel_blue_sif_altar,
          mainiacjoe_overflow_24_doors, serial_shops, nicolae_shop_trees,
          portal_sewer_entry_b, grunt_decor_one_mirror, hangedman_decor_points,
          minmay_misc_feat_chi

Skill      XL: |  1  2  3  4 |
---------------+-------------+-----
Stealth        | 2 3 |  3.7
Fighting       | 3 |  3.4
Ranged Weapons | 6 |  6.2
Dodging        | |  2.4

Action                     |  1- 3 |  4- 6 || total
---------------------------+-------+-------++-------
   Fire: Shortbow          |    62 |    52 ||   114
 Armour: Leather armour    |     9 |    15 ||    24
  Dodge: Dodged            |    16 |    19 ||    35
